 Dungeon Crawl Stone Soup version 0.27-a0-1202-ge72e49191c (webtiles) character file.

Game seed: 8552869247887439756

5705 pokeman the Thaumaturge (level 10, -2/56 HPs)
             Began as a Deep Elf Hedge Wizard on June 3, 2021.
             Was a Believer of Vehumet.
             Slain by a boulder beetle (58 damage)
             ... on level 9 of the Dungeon.
             The game lasted 00:28:54 (12700 turns).

pokeman the Thaumaturge (Deep Elf Hedge Wizard)    Turns: 12700, Time: 00:28:54

Health: -2/56      AC:  8    Str: 10    XL:     10   Next: 48%
Magic:  18/29      EV: 13    Int: 27    God:    Vehumet [**....]
Gold:   453        SH:  5    Dex: 14    Spells: 12/35 levels left

rFire    . . .     SeeInvis .   J - +4 hand axe "Datath" {elec, *Corrode Str+3 Int+4}
rCold    . . .     Faith    .   (no shield)
rNeg     . . .     Spirit   .   K - +0 steam dragon scales
rPois    .         Reflect  +   c - +0 hat
rElec    .         Harm     .   y - +0 cloak
rCorr    .         Rampage  .   (no gloves)
Will     +....                  A - +0 pair of boots
Stlth    ++........             i - amulet of reflection
HPRegen  0.18/turn              p - ring of wizardry
MPRegen  0.21/turn              (no ring)

@: no status effects
A: no striking features
a: Renounce Religion


You were on level 9 of the Dungeon.
You worshipped Vehumet.
Vehumet was pleased with you.
You visited 2 branches of the dungeon, and saw 10 of its levels.
You also visited: Sewer and Ossuary.

You collected 483 gold pieces.
You spent 30 gold pieces at shops.

Inventory:

Hand Weapons
 H - a +0 shortbow
 I - a +3 quarterstaff of chaos
 J - the +4 hand axe "Datath" (weapon) {elec, *Corrode Str+3 Int+4}
   (You found it on level 6 of the Dungeon)

   Occasionally, upon striking a foe, it can discharge electrical energy and
   cause terrible harm.
   It affects your strength (+3).
   It affects your intelligence (+4).
   It may corrode you when you take damage.
Missiles
 a - 32 bolts
 s - 139 arrows
 L - 2 atropa-tipped darts
Armour
 c - a +0 hat (worn)
 y - a +0 cloak (worn)
 A - a +0 pair of boots (worn)
 K - +0 steam dragon scales (worn)
 M - a scarf of harm
Magical Staves
 d - a staff of death
Jewellery
 i - an amulet of reflection (around neck)
 p - a ring of wizardry (left hand)
 E - an amulet of regeneration
Wands
 D - a wand of digging (4)
Scrolls
 b - 3 scrolls of fear {unknown}
 e - 12 scrolls of identify
 f - 2 scrolls of immolation {unknown}
 g - a scroll of silence {unknown}
 n - a scroll of torment {unknown}
 u - a scroll of blinking {unknown}
 v - 3 scrolls of teleportation {unknown}
 x - a scroll of amnesia {unknown}
 z - a scroll of vulnerability {unknown}
 B - a scroll of acquirement {unknown}
 C - a scroll of fog {unknown}
 F - a scroll of magic mapping {unknown}
 G - a scroll of enchant armour {unknown}
 N - a scroll of holy word {unknown}
Potions
 h - 4 potions of brilliance {unknown}
 j - 7 potions of curing {unknown}
 k - a potion of might {unknown}
 l - a potion of ambrosia {unknown}
 m - a potion of degeneration {unknown}
 o - a potion of resistance {unknown}
 q - 2 potions of heal wounds {unknown}
 r - 2 potions of mutation {unknown}
 t - 2 potions of flight {unknown}
 w - 3 potions of attraction


   Skills:
 - Level 4.1 Fighting
 + Level 3.2 Armour
 - Level 3.3 Dodging
 - Level 3.0 Stealth
 * Level 13.1 Spellcasting
 + Level 7.6 Conjurations
 - Level 1.1 Summonings
 - Level 1.1 Translocations
 - Level 1.2 Transmutations
 + Level 6.8 Fire Magic
 - Level 1.0 Ice Magic
 - Level 1.1 Air Magic
 - Level 1.0 Earth Magic
 - Level 1.1 Poison Magic
 - Level 1.1 Evocations


You had 12 spell levels left.
You knew the following spells:

 Your Spells              Type           Power      Damage    Failure   Level
a - Magic Dart            Conj           100%       1d8       1%          1
b - Mephitic Cloud        Conj/Pois/Air  35%        N/A       1%          3
c - Call Imp              Summ           23%        N/A       1%          2
d - Blink                 Tloc           N/A        N/A       1%          2
e - Conjure Flame         Conj/Fire      54%        6-21      1%          3
f - Foxfire               Conj/Fire      100%       2x1d9     1%          1
g - Stone Arrow           Conj/Erth      82%        3d12      1%          3
h - Passwall              Tmut/Erth      20%        N/A       1%          2
i - Freezing Cloud        Conj/Ice/Air   17%        6-21      43%         6

Your spell library contained the following spells:

 Spells                   Type           Power      Damage    Failure   Level
 Freeze                   Ice            92%        1d10      1%          1
 Sandblast                Erth           46%        2d11      1%          1
 Poisonous Vapours        Pois/Air       48%        N/A       1%          2
 Searing Ray              Conj           100%       3d7       1%          2
 Slow                     Hex            17%        N/A       1%          2
 Dazzling Flash           Conj/Hex       76%        N/A       1%          3
 Iskenderun's Mystic Bla  Conj/Tloc      41%        2d9       1%          4
 Gell's Gravitas          Tloc           11%        N/A       2%          3
 Fulminant Prism          Conj/Hex       19%        3d11      2%          4
 Confusing Touch          Hex            17%        N/A       4%          3
 Petrify                  Tmut/Erth      24%        N/A       8%          4
 Lee's Rapid Deconstruct  Erth           11%        3d9*      22%         5
 Metabolic Englaciation   Hex/Ice        10%        N/A       26%         5
 Yara's Violent Unravell  Hex/Tmut       10%        3d6       26%         5


Dungeon Overview and Level Annotations

Branches:
Dungeon (9/15)             Temple (1/1) D:6            Lair (0/6) D:8
  Sewer (visited)         Ossuary (visited)
    Orc: D:9-12

Altars:
Cheibriados
Dithmenos
Elyvilon
Gozag
Hepliaklqana
Kikubaaqudgha
Makhleb
Qazlal
Sif Muna
Uskayaw
Vehumet
Zin
The Shining One

Shops:
D:1 ?   D:3 [


Message History

Casting: Blink (safe; 1% risk of failure)
Confirm with . or Enter, or press ? or * to list all spells.
You can't see any susceptible monsters within range! (Use Z to cast anyway.)
Casting: Blink (safe; 1% risk of failure)
Confirm with . or Enter, or press ? or * to list all spells.
Aiming: Mephitic Cloud (safe; 1% risk of failure)
Press: ? - help, Shift-Dir - straight line The ball explodes into a vile cloud!
Casting: Mephitic Cloud (safe; 1% risk of failure)
Confirm with . or Enter, or press ? or * to list all spells.
You conjure some foxfire!
The boulder beetle is engulfed in noxious fumes.
Casting: Foxfire (safe; 1% risk of failure)
Confirm with . or Enter, or press ? or * to list all spells.
You blink.
The foxfire hits the boulder beetle but does no damage.
The foxfire hits the boulder beetle.
The boulder beetle is lightly wounded.
The boulder beetle is engulfed in noxious fumes. x2
The boulder beetle appears confused.
Casting: Blink (safe; 1% risk of failure)
Confirm with . or Enter, or press ? or * to list all spells.
Aiming: Stone Arrow (safe; 1% risk of failure)
Press: ? - help, Shift-Dir - straight line, f - boulder beetle
Aim: a boulder beetle (lightly wounded, rolling, confused, 100% to hit)
The stone arrow hits the boulder beetle but does no damage.
The boulder beetle is lightly wounded.
The boulder beetle is engulfed in noxious fumes.
Unknown command.
Casting: Stone Arrow (safe; 1% risk of failure)
Confirm with . or Enter, or press ? or * to list all spells.
Aiming: Stone Arrow (safe; 1% risk of failure)
Press: ? - help, Shift-Dir - straight line, f/p - boulder beetle
Aim: a boulder beetle (noxious fumes, lightly wounded, rolling, confused, 100% to hit)
The stone arrow hits the boulder beetle!!
The boulder beetle is moderately wounded.
The boulder beetle is engulfed in noxious fumes.
The boulder beetle appears confused.
The boulder beetle hits you!!!
Ouch! That really hurt!
You die...

≈.# ########..# ≈.#
#.# ≈.# .# ≈.# . ..# #
### # ###########.#
##...°.......#
#.....○B@....#
#########............#
........#.############
#######.#'###+##
#.........# ###
#..≈≈≈≈≈..# ...
+....≈≈≈≈.# ###
#....≈≈≈≈.#
#...≈≈≈≈≈.#


You could see a boulder beetle (rolling, confused).

Vanquished Creatures
  A two-headed ogre (D:8)
  Pikel (D:6)
  A cyclops (D:8)
  A troll (D:9)
  A wyvern (D:8)
  2 steam dragons
  3 wargs (D:8)
  4 water moccasins
  An ice beast (D:6)
  A necrophage (D:6)
  An orc warrior (D:7)
  4 ogres
  4 centaurs
  A phantom (D:7)
  2 kobold brigands
  2 bullfrogs
  2 water moccasin zombies
  A wyvern skeleton (D:7)
  A water moccasin skeleton (D:6)
  7 wights
  A howler monkey (D:7)
  6 orc priests
  A bullfrog zombie (D:7)
  2 centaur skeletons (D:4)
  3 centaur zombies
  A hound (D:5)
  Crazy Yiuf (D:6)
  2 gnoll shamans
  A jelly (D:7)
  5 bullfrog skeletons (D:5)
  3 iguanas
  4 orc wizards
  A killer bee zombie (D:8)
  2 hound zombies (D:5)
  2 howler monkey zombies (D:8)
  A howler monkey skeleton (D:5)
  9 gnolls
  9 adders
  2 white imps
  4 adder zombies (Ossuary)
  A worm (D:2)
  4 dart slugs
  17 orcs
  5 bats
  An endoplasm (D:1)
  4 giant cockroaches
  3 gnoll zombies (Ossuary)
  7 goblins
  7 hobgoblins
  9 jackals
  4 quokkas
  3 ball pythons
  2 frilled lizards
  5 hobgoblin zombies (Ossuary)
  A jackal zombie (D:5)
  11 kobolds
  8 kobold zombies (Ossuary)
  4 orc zombies (Ossuary)
  A quokka skeleton (D:4)
  7 rats
205 creatures vanquished.

Vanquished Creatures (collateral kills)
  A hound (D:6)
  An orc priest (D:8)
  2 mummies (Ossuary)
  An adder (D:6)
  A river rat (Sewer)
  2 rats (Sewer)
8 creatures vanquished.

Vanquished Creatures (others)
  72 foxfires
  A fungus (D:6)
  A plant (D:8)
74 creatures vanquished.

Grand Total: 287 creatures vanquished

Notes
Turn   | Place    | Note
-------+----------+-------------------------------------------
     0 | D:1      | pokeman the Deep Elf Hedge Wizard began the quest for the
                  | Orb.
     0 | D:1      | Reached XP level 1. HP: 10/10 MP: 7/7
   504 | D:1      | Found a faded altar of an unknown god.
   760 | D:1      | Found Sioruuc's Magic Scroll Boutique.
   768 | D:1      | Bought a scroll of identify for 20 gold pieces
   768 | D:1      | Bought a scroll of noise for 10 gold pieces
   869 | D:1      | Reached XP level 2. HP: 15/15 MP: 2/9
  1342 | D:1      | You fall into a shaft and drop 1 floor!
  1350 | D:2      | Reached skill level 5 in Spellcasting
  1350 | D:2      | Reached XP level 3. HP: 20/20 MP: 2/11
  1354 | D:2      | Learned a level 3 spell: Mephitic Cloud
  1357 | D:2      | Learned a level 2 spell: Call Imp
  1360 | D:2      | Learned a level 2 spell: Blink
  1364 | D:2      | Learned a level 3 spell: Conjure Flame
  1645 | D:2      | Reached skill level 1 in Fighting
  1645 | D:2      | Reached skill level 1 in Armour
  2133 | D:3      | Reached XP level 4. HP: 25/25 MP: 7/13
  2676 | D:3      | Found Siufoab's Antique Armour Boutique.
  2844 | D:3      | Reached skill level 1 in Fire Magic
  3306 | D:4      | Reached skill level 6 in Spellcasting
  3306 | D:4      | Reached XP level 5. HP: 27/29 MP: 7/15
  3312 | D:4      | Found a glowing drain.
  3325 | Sewer    | Entered a sewer
  3585 | Sewer    | Reached skill level 1 in Air Magic
  3685 | Sewer    | Found a glowing silver altar of Zin.
  3990 | D:4      | Reached XP level 6. HP: 34/34 MP: 8/17
  4094 | D:4      | Reached skill level 7 in Spellcasting
  4094 | D:4      | Reached skill level 1 in Poison Magic
  4573 | D:4      | Reached skill level 1 in Evocations
  4792 | D:5      | Entered Level 5 of the Dungeon
  4993 | D:5      | Reached XP level 7. HP: 22/38 MP: 16/20
  4993 | D:5      | Found a sand-covered staircase.
  5052 | Ossuary  | Entered an ossuary
  5867 | D:5      | Reached skill level 8 in Spellcasting
  6815 | D:5      | Reached XP level 8. HP: 20/44 MP: 8/22
  7346 | D:6      | HP: 1/44 [centaur/arrow (14)]
  7349 | D:6      | Found a staircase to the Ecumenical Temple.
  7366 | Temple   | Entered the Ecumenical Temple
  7660 | Temple   | Became a worshipper of Vehumet
  7798 | D:6      | Reached skill level 9 in Spellcasting
  8168 | D:6      | Reached skill level 5 in Conjurations
  8406 | D:6      | Noticed Pikel
  8467 | D:6      | Killed Pikel
  8468 | D:6      | Reached skill level 10 in Spellcasting
  8813 | D:6      | Found a runed translucent door.
  8814 | D:6      | Noticed Crazy Yiuf
  8823 | D:6      | Killed Crazy Yiuf
  8905 | D:6      | Identified the +4 hand axe "Datath" {elec, *Corrode Str+3
                  | Int+4}
  8935 | D:6      | Reached XP level 9. HP: 45/48 MP: 20/25
  9035 | D:7      | Learned a level 3 spell: Stone Arrow
  9038 | D:7      | Learned a level 2 spell: Passwall
  9343 | D:7      | Reached skill level 1 in Earth Magic
  9346 | D:7      | Reached skill level 1 in Transmutations
  9420 | D:7      | Reached skill level 11 in Spellcasting
  9609 | D:7      | Reached * piety under Vehumet
  9609 | D:7      | Offered knowledge of Foxfire by Vehumet.
  9610 | D:7      | Reached skill level 5 in Fire Magic
  9612 | D:7      | Learned a level 1 spell: Foxfire
  9767 | D:7      | Learned a level 6 spell: Freezing Cloud
  9928 | D:7      | Found a glowing golden altar of the Shining One.
  9945 | D:7      | Reached skill level 1 in Ice Magic
 10579 | D:8      | Found a staircase to the Lair.
 10589 | D:8      | Reached skill level 12 in Spellcasting
 10640 | D:8      | Reached XP level 10. HP: 25/56 MP: 7/28
 11091 | D:8      | Offered knowledge of Freeze by Vehumet.
 11357 | D:8      | Noticed a cyclops
 11361 | D:8      | Killed a cyclops
 11450 | D:8      | Noticed a two-headed ogre
 11456 | D:8      | Killed a two-headed ogre
 11540 | D:8      | Reached ** piety under Vehumet
 11908 | D:9      | Found an ancient bone altar of Kikubaaqudgha.
 11957 | D:9      | Reached skill level 13 in Spellcasting
 12044 | D:9      | Found a stormy altar of Qazlal.
 12470 | D:9      | Found a shadowy altar of Dithmenos.
 12692 | D:9      | Noticed a boulder beetle
 12700 | D:9      | Slain by a boulder beetle

Illustrated notes

Levels and vault maps discovered:
D:1:      arrival_zaba_pyramid, layout_basic, serial_shops, shop,
          hellmonk_ecumenical_altar_lost_god
D:2:      layout_rooms
D:3:      layout_loops_ring, serial_shops, shop
D:4:      layout_basic, gup_sewer_entry_pipe
D:5:      layout_gridville, enter_ossuary_3
D:6:      layout_cave_pools, minmay_temple_entry_tees, uniq_pikel,
          uniq_crazy_yiuf_cottage
D:7:      minmay_skewed_foursquare, layout_cave_pools, lemuel_doored_altar,
          minmay_misc_feat_hallway
D:8:      layout_basic, erik_lair_orcish_takeover,
          hangedman_abyss_or_decor_jellyfish_corner, minmay_small_thing
D:9:      nicolae_whirlpool, layout_basic, nicolae_qazlal_scattered_showers,
          old_standard_altar, lemuel_tele_altar, chequers_serial_rivers_large_a,
          nzn_sisyphean_effort
Temple:   eino_temple_rhombus

Skill      XL: |  1  2  3  4  5  6  7  8  9 10 |
---------------+-------------------------------+-----
Spellcasting   | 5 6 7 8 10 12 13 | 13.1
Fighting       | 1 2 3 4 |  4.1
Armour         | 1 3 |  3.2
Conjurations   | 2 3 4 5 7 |  7.6
Fire Magic     | 1 2 4 6 |  6.8
Dodging        | 3 |  3.3
Air Magic      | 1 |  1.1
Poison Magic   | 1 |  1.1
Stealth        | 3 |  3.0
Evocations     | 1 |  1.1
Earth Magic    | 1 |  1.0
Transmutations | 1 |  1.2
Ice Magic      | 1 |  1.0
Summonings     | |  1.1
Translocations | |  1.1

Action                   |  1- 3 |  4- 6 |  7- 9 | 10-12 || total
-------------------------+-------+-------+-------+-------++-------
Melee: Staff             |    15 |    16 |    52 |       ||    83
       Hand axe          |       |       |    50 |     5 ||    55
 Cast: Magic Dart        |    98 |   137 |   149 |     6 ||   390
       Mephitic Cloud    |       |     4 |    20 |     3 ||    27
       Blink             |       |     3 |     8 |    13 ||    24
       Call Imp          |       |     2 |    12 |       ||    14
       Conjure Flame     |       |     4 |    21 |     2 ||    27
       Stone Arrow       |       |       |    32 |    22 ||    54
       Foxfire           |       |       |    31 |    12 ||    43
 Stab: Sleeping          |     1 |       |       |       ||     1
       Confused          |       |     1 |     5 |       ||     6
Armor: Leather armour    |     7 |    15 |    26 |       ||    48
       Steam dragon scal |       |       |    17 |     1 ||    18
Dodge: Dodged            |    30 |    58 |    98 |     8 ||   194
Block: Other             |       |    24 |    35 |     2 ||    61
       Reflection        |       |       |       |     2 ||     2

Table legend: (Time is in decaauts)
 A = Elapsed time spent in this place.
 B = Non-inter-level travel time spent in this place.
 C = Inter-level travel time spent in this place.
 D = Time resting spent in this place.
 E = Time spent auto-exploring this place.
 F = Levels seen in this place.
 G = Mean time per level.
                   A        B        C        D        E       F      G
               +--------+--------+--------+--------+--------+-----+--------+
         Total |  12782 |  12564 |    218 |    966 |   9731 |  12 | 1065.2 |
       Dungeon |  11183 |  10974 |    209 |    584 |   8733 |   9 | 1242.6 |
        Temple |    404 |    395 |      9 |    100 |    286 |   1 |  404.0 |
         Sewer |    429 |    429 |      0 |     93 |    288 |   1 |  429.0 |
       Ossuary |    764 |    764 |      0 |    189 |    423 |   1 |  764.0 |
               +--------+--------+--------+--------+--------+-----+--------+

Top non-repeatable levels by time:
     D:5: 1658 daAuts
     D:6: 1480 daAuts
     D:8: 1412 daAuts
     D:1: 1344 daAuts
     D:7: 1321 daAuts
     D:4: 1229 daAuts
     D:3: 1131 daAuts
     D:9: 862 daAuts
 Ossuary: 764 daAuts
     D:2: 742 daAuts
   Sewer: 429 daAuts
  Temple: 404 daAuts
